Map: Dragon Scales LE

Players

NORTHAMERICA - Winner!

  • Race: Protoss Protoss
  • League: Grandmaster
  • Spawn Location: 11:00

llllllllllll

  • Race: Zerg Zerg
  • League: Master
  • Spawn Location: 5:00

VOD

Have the link to the VOD?

Description

Time

  • Played on: Jan. 25, 2023, 3:40 a.m.
  • Length: 21:13
Show
View Real Time Build Order
Export as new Build Order

NORTHAMERICA Protoss - Winner!

Build Orders: 1 Gate Expand, Carriers 

Get SALT Encoding   

  12  0:00  Probe  
  13  0:13  Probe  
  14  0:21  Pylon  
  14  0:25  Probe  
  15  0:39  Gateway, Probe (Chrono Boost)  
  16  0:49  Assimilator, Probe (Chrono Boost)  
  17  0:54  Probe (Chrono Boost)  
  18  1:05  Probe  
  19  1:17  Probe  
  20  1:27  Nexus  
  20  1:34  Cybernetics Core  
  20  1:36  Probe  
  21  1:43  Assimilator  
  21  1:48  Probe  
  21  1:50  Pylon  
  22  2:00  Probe (Chrono Boost)  
  23  2:07  Adept (Chrono Boost)  
  23  2:11  Probe (Chrono Boost)  
  26  2:16  Probe (Chrono Boost)  
  27  2:23  Stargate  
  27  2:26  Probe  
  28  2:33  Stalker  
  30  2:39  Probe (Chrono Boost)  
  30  2:41  Warp Gate  
  30  2:43  Probe (Chrono Boost)  
  32  2:49  Probe (Chrono Boost)  
  34  2:52  Probe (Chrono Boost)  
  34  2:54  Probe (Chrono Boost)  
  35  3:02  Probe  
  36  3:05  Probe  
  41  3:13  Pylon, Void Ray (Chrono Boost)  
  41  3:15  Probe  
  41  3:18  Probe  
  43  3:27  Probe  
  44  3:30  Probe  
  44  3:33  Assimilator  
  43  3:35  Assimilator  
  43  3:37  Gateway  
  43  3:39  Probe  
  44  3:42  Probe  
  44  3:46  Fleet Beacon  
  45  3:53  Probe (Chrono Boost)  
  45  3:54  Probe (Chrono Boost)  
  47  3:59  Pylon  
  47  4:06  Probe (Chrono Boost)  
  47  4:08  Probe (Chrono Boost)  
  47  4:09  Stargate  
  49  4:11  Probe (Chrono Boost)  
  49  4:12  Pylon  
  49  4:15  Probe  
  51  4:21  Probe  
  52  4:27  Probe  
  53  4:32  Nexus  
  53  4:33  Tempest (Chrono Boost)  
  58  4:40  Pylon  
  58  4:44  Probe  
  59  4:50  Probe  
  60  4:56  Probe  
  60  4:57  Pylon  
  66  5:02  Tempest (Chrono Boost)  
  66  5:06  Tempest (Chrono Boost), Probe  
  72  5:08  Probe  
  73  5:18  Probe  
  73  5:20  Probe  
  75  5:25  Adept  
  75  5:27  Pylon  
  77  5:30  Probe  
  77  5:32  Probe  
  79  5:36  Shield Battery  
  79  5:40  Tempest (Chrono Boost)  
  79  5:42  Tempest (Chrono Boost)  
  84  5:43  Probe  
  84  5:45  Probe  
  84  5:47  Probe  
  92  5:52  Pylon  
  92  5:54  Shield Battery  
  92  5:55  Probe  
  93  6:00  Probe  
  93  6:02  Robotics Facility  
  94  6:05  Probe  
  94  6:06  Assimilator  
  94  6:10  Assimilator, Probe  
  96  6:13  Probe  
  102  6:18  Probe  
  102  6:23  Probe, Void Ray  
  104  6:25  Probe  
  108  6:34  Forge, Void Ray  
  108  6:36  Twilight Council  
  108  6:38  Probe  
  109  6:43  Unknown  
  109  6:45  Probe  
  110  6:49  Gateway  
  110  6:50  Gateway, Observer  
  110  6:51  Pylon  
  115  7:03  Protoss Ground Weapons Level 1, Protoss Air Weapons Level 1 (Chrono Boost)  
  115  7:06  Void Ray  
  115  7:08  Probe  
  116  7:11  Charge (Chrono Boost)  
  116  7:13  Gateway, Nexus  
  116  7:14  Gateway  
  116  7:18  Adept x2  
  124  7:39  Void Ray  
  124  7:40  Shield Battery, Templar Archives, Photon Cannon  
  124  7:42  Flux Vanes, Photon Cannon  
  124  7:45  Photon Cannon  
  124  7:54  Observer (Chrono Boost)  
  125  8:00  Pylon  
  125  8:10  Photon Cannon  
  125  8:14  Pylon  
  125  8:16  Gateway  
  125  8:18  Gateway, Probe x2  
  131  8:20  High Templar  
  131  8:21  Pylon  
  131  8:25  High Templar  
  131  8:26  Stalker x3  
  145  8:27  Stalker  
  145  8:29  Void Ray (Chrono Boost)  
  145  8:30  Void Ray (Chrono Boost)  
  145  8:31  Archon  
  147  8:35  Pylon  
  147  8:36  Probe  
  147  8:37  Pylon  
  148  8:48  Photon Cannon, Observer  
  149  8:58  Assimilator, Probe  
  149  9:00  Zealot x2  
  149  9:01  Zealot  
  164  9:03  Assimilator  
  164  9:05  Protoss Ground Weapons Level 2 (Chrono Boost), Void Ray (Chrono Boost)  
  164  9:07  Void Ray  
  164  9:09  Psionic Storm  
  164  9:14  Zealot x3  
  170  9:19  Probe  
  170  9:20  Protoss Air Weapons Level 2 (Chrono Boost)  
  171  9:30  High Templar  
  173  9:33  Zealot x3  
  179  9:39  Pylon x2  
  179  9:46  Photon Cannon  
  179  9:49  Dark Shrine  
  179  9:52  Shield Battery  
  170  9:55  Zealot, Void Ray (Chrono Boost)  
  170  9:56  Zealot x2, Void Ray (Chrono Boost)  
  164  10:01  Stalker x2  
  151  10:10  Zealot x3  
  142  10:15  Immortal  
  142  10:17  Probe  
  142  10:20  Blink  
  145  10:24  Probe  
  145  10:27  Probe  
  147  10:31  Stargate  
  147  10:33  Probe  
  147  10:35  Void Ray (Chrono Boost)  
  140  10:38  High Templar x2  
  140  10:43  Probe  
  140  10:46  Probe  
  140  10:49  High Templar  
  140  10:51  Zealot  
  140  10:52  Zealot x4  
  150  11:05  Immortal (Chrono Boost)  
  150  11:08  Nexus  
  150  11:09  Pylon  
  154  11:11  High Templar  
  164  11:18  Void Ray  
  164  11:22  Void Ray  
  164  11:24  Stalker x3  
  170  11:28  Robotics Bay  
  170  11:33  Protoss Ground Weapons Level 3 (Chrono Boost)  
  152  11:49  Archon x2  
  152  11:54  Zealot x7, Immortal (Chrono Boost)  
  145  11:55  Zealot  
  145  11:58  Probe  
  162  12:05  Photon Cannon  
  162  12:06  Photon Cannon  
  160  12:17  Void Ray  
  160  12:19  Void Ray  
  160  12:20  Dark Templar x4  
  168  12:26  Stalker x2  
  172  12:31  Stalker  
  174  12:37  Stalker  
  174  12:43  Probe  
  177  12:50  Stalker x2  
  181  12:54  Gateway, Probe, Disruptor (Chrono Boost)  
  181  12:55  Gateway  
  181  12:57  Gateway  
  185  12:59  Probe  
  186  13:15  Gateway x2  
  186  13:19  Void Ray x2 (Chrono Boost)  
  194  13:21  Dark Templar  
  194  13:23  Disruptor (Chrono Boost)  
  193  13:35  Photon Cannon  
  193  13:36  High Templar x2, Shield Battery  
  197  13:42  Dark Templar  
  199  13:51  Probe  
  199  13:52  Assimilator  
  199  13:54  Assimilator  
  198  14:00  Pylon  
  198  14:02  Robotics Facility  
  198  14:03  Shield Battery, Protoss Ground Armor Level 1 (Chrono Boost)  
  198  14:04  Nexus  
  198  14:05  Shield Battery  
  198  14:07  Pylon, Photon Cannon  
  198  14:09  Pylon x2  
  198  14:10  Pylon  
  198  14:25  Nexus  
  190  14:32  Zealot x5  
  194  14:39  Disruptor  
  193  14:57  Mothership (Chrono Boost)  
  189  15:04  Probe  
  189  15:06  Zealot x4  
  189  15:07  Zealot x5  
  194  15:13  Stargate  
  200  15:16  Pylon, Photon Cannon  
  200  15:17  Photon Cannon  
  200  15:22  Protoss Air Weapons Level 3  
  182  15:55  Dark Templar x3  
  186  16:01  Carrier (Chrono Boost)  
  186  16:02  Carrier (Chrono Boost)  
  186  16:04  Shield Battery  
  189  16:24  Zealot x5  
  189  16:25  Zealot x2  
  194  16:26  Carrier (Chrono Boost)  
  199  16:47  Assimilator  
  199  16:48  Assimilator  
  179  17:18  Carrier (Chrono Boost)  
  179  17:19  Carrier (Chrono Boost)  
  177  17:23  High Templar x5  
  177  17:25  Stalker x5  
  181  17:31  Observer (Chrono Boost)  
  181  17:34  Probe  
  181  17:39  Pylon  
  181  17:41  Carrier (Chrono Boost)  
  187  17:45  Observer  
  188  17:54  Dark Templar x4  
  188  17:55  Dark Templar x2  
  188  17:58  Archon, Nexus  
  200  17:59  Archon x2  
  200  18:00  Photon Cannon  
  200  18:02  Photon Cannon  
  200  18:04  Protoss Air Armor Level 1  
  200  18:06  Pylon  
  200  18:08  Photon Cannon  
  200  18:09  Shield Battery  
  200  18:11  Shield Battery  
  200  18:22  Photon Cannon  
  200  18:23  Photon Cannon  
  200  18:25  Shield Battery  
  200  18:27  Pylon  
  168  18:44  Zealot x7, Carrier (Chrono Boost)  
  168  18:45  Zealot x3  
  160  18:48  Mothership (Chrono Boost)  
  163  19:04  High Templar  
  163  19:05  High Templar x4  
  163  19:07  Archon  
  163  19:08  High Templar  
  175  19:10  Zealot x4  
  183  19:18  Carrier (Chrono Boost)  
  183  19:20  Pylon  
  183  19:21  Pylon  
  189  19:28  Carrier (Chrono Boost)  
  195  19:33  Zealot x2  
  181  20:06  Zealot x2  
  181  20:07  Zealot x8  
  172  20:08  Void Ray (Chrono Boost)  
  178  20:18  Void Ray (Chrono Boost)  
  178  20:26  Void Ray (Chrono Boost)  
  171  20:30  Probe (Chrono Boost)  
  160  20:37  Zealot  
  160  20:38  Zealot x3  
  160  20:41  Dark Templar  
  160  20:42  Dark Templar x2  
  176  20:56  Cybernetics Core  
Show
View Real Time Build Order
Export as new Build Order

llllllllllll Zerg 

Build Orders: Hatch First 

Get SALT Encoding   

  12  0:00  Drone  
  13  0:12  Overlord  
  13  0:16  Drone  
  14  0:30  Drone x2  
  16  0:47  Hatchery  
  15  0:50  Drone  
  15  0:54  Drone  
  17  0:57  Drone  
  18  1:08  Extractor  
  17  1:12  Spawning Pool  
  17  1:15  Drone  
  17  1:18  Drone  
  18  1:28  Drone  
  19  1:39  Drone  
  20  1:49  Drone  
  21  1:59  Drone, Queen x2  
  21  2:00  Zergling x2  
  27  2:11  Overlord, Drone  
  27  2:12  Metabolic Boost  
  28  2:29  Drone x2  
  30  2:32  Drone  
  30  2:33  Drone  
  30  2:35  Hatchery  
  31  2:42  Queen  
  33  2:47  Overlord  
  33  2:50  Drone  
  34  2:53  Drone x2  
  36  3:03  Overlord  
  36  3:05  Drone  
  37  3:07  Drone x2  
  37  3:09  Drone  
  37  3:11  Queen  
  42  3:15  Drone  
  43  3:21  Queen  
  45  3:31  Drone x2  
  47  3:34  Drone  
  47  3:35  Drone  
  49  3:42  Drone x3  
  49  3:46  Overlord x2  
  52  3:49  Queen  
  52  3:51  Queen  
  52  3:52  Overlord, Drone  
  57  3:57  Overlord  
  57  4:06  Drone, Spore Crawler  
  57  4:07  Drone x4  
  57  4:09  Spore Crawler  
  60  4:11  Drone  
  60  4:15  Drone  
  62  4:22  Drone x2  
  62  4:23  Drone  
  65  4:26  Lair  
  65  4:30  Drone, Roach Warren  
  65  4:31  Spore Crawler  
  64  4:35  Drone  
  64  4:36  Drone  
  64  4:37  Drone  
  67  4:39  Extractor  
  67  4:40  Drone  
  67  4:41  Drone  
  67  4:43  Drone  
  69  4:46  Drone  
  69  4:47  Drone  
  71  4:54  Overlord  
  71  4:55  Drone  
  71  4:56  Drone  
  73  5:01  Overlord  
  73  5:04  Drone  
  73  5:05  Drone x2  
  73  5:06  Extractor  
  75  5:07  Extractor  
  75  5:10  Drone x2  
  75  5:11  Overlord  
  75  5:13  Overlord  
  76  5:14  Drone x2  
  76  5:16  Extractor  
  76  5:19  Drone  
  76  5:20  Drone  
  76  5:21  Drone x3  
  82  5:23  Overseer  
  82  5:25  Glial Reconstitution  
  82  5:27  Overlord  
  82  5:31  Evolution Chamber  
  82  5:32  Drone  
  82  5:37  Extractor  
  82  5:41  Drone  
  82  5:52  Hatchery  
  82  5:55  Overlord  
  82  5:56  Overlord  
  81  5:59  Zerg Missile Weapons Level 1  
  81  6:02  Drone  
  81  6:03  Spire  
  81  6:06  Overlord  
  81  6:09  Drone, Queen  
  81  6:10  Queen x2  
  88  6:13  Drone x3  
  88  6:14  Drone  
  92  6:19  Spore Crawler x2  
  92  6:24  Drone x2  
  92  6:28  Drone  
  92  6:32  Drone x3  
  96  6:33  Spore Crawler x2  
  96  6:34  Spore Crawler, Zergling x14  
  96  6:35  Overlord  
  99  6:41  Overlord  
  99  7:11  Drone  
  99  7:12  Extractor  
  99  7:15  Corruptor x13  
  99  7:19  Overlord  
  125  7:29  Extractor  
  114  7:32  Queen x2  
  114  7:33  Queen  
  114  7:34  Extractor  
  114  7:36  Queen  
  119  7:37  Drone x3  
  119  7:40  Extractor, Zerg Flyer Weapons Level 1  
  119  7:41  Overlord  
  121  7:53  Drone x4  
  121  7:55  Extractor  
  121  7:56  Extractor, Corruptor  
  121  7:57  Corruptor x2  
  129  7:59  Drone x7  
  136  8:07  Overlord  
  136  8:14  Extractor  
  136  8:18  Corruptor x3  
  141  8:20  Overlord  
  141  8:26  Overlord  
  141  8:33  Corruptor x3  
  147  8:42  Zergling x22  
  147  8:47  Hatchery  
  157  8:51  Corruptor x4  
  165  8:58  Overlord  
  165  9:06  Corruptor x3  
  171  9:14  Corruptor x2  
  175  9:25  Roach x9  
  175  9:28  Extractor  
  175  9:30  Extractor  
  187  9:45  Ravager x2  
  182  9:46  Zerg Missile Weapons Level 2  
  140  10:12  Roach x15  
  142  10:40  Drone x3  
  143  10:44  Corruptor x6  
  151  11:07  Hatchery  
  151  11:09  Roach x4  
  151  11:10  Roach x6  
  170  11:11  Ravager x3  
  170  11:12  Ravager  
  170  11:13  Corruptor x3  
  180  11:21  Roach x8  
  196  11:26  Drone  
  196  11:27  Drone x3  
  162  12:00  Roach x3  
  155  12:04  Roach x19  
  189  12:08  Drone x2  
  189  12:09  Drone x4  
  189  12:15  Ravager x7  
  200  12:29  Infestation Pit  
  199  12:38  Zerg Melee Weapons Level 1  
  199  12:44  Baneling Nest  
  199  12:48  Pneumatized Carapace, Overseer  
  192  13:03  Hatchery  
  191  13:07  Hive  
  191  13:11  Spine Crawler  
  191  13:12  Spine Crawler x4  
  188  13:14  Overseer  
  188  13:15  Drone x13  
  188  13:16  Drone  
  196  13:39  Spine Crawler  
  196  13:40  Spine Crawler, Centrifugal Hooks  
  196  13:41  Spine Crawler  
  193  13:44  Zergling x14  
  199  14:05  Drone  
  200  14:10  Baneling x14  
  200  14:22  Greater Spire  
  196  14:38  Overseer  
  182  14:49  Zergling x44  
  199  15:05  Overlord  
  199  15:07  Overlord  
  199  15:11  Baneling x18  
  199  15:14  Overlord  
  199  15:15  Hatchery  
  199  15:17  Zerg Melee Weapons Level 2  
  199  15:18  Adrenal Glands  
  198  15:23  Baneling x11, Spore Crawler  
  195  15:37  Brood Lord x3  
  186  15:43  Brood Lord  
  186  15:44  Brood Lord x4  
  186  15:46  Drone x3  
  198  15:55  Drone x3  
  176  16:28  Corruptor x10  
  176  16:29  Corruptor  
  176  16:30  Zerg Flyer Weapons Level 2  
  169  17:15  Corruptor x6  
  169  17:16  Corruptor  
  178  17:34  Corruptor x4  
  178  17:39  Zergling x28  
  192  17:49  Spine Crawler x2  
  192  17:50  Spine Crawler  
  189  17:52  Spine Crawler  
  189  17:53  Zergling x24  
  189  17:54  Hatchery  
  199  18:00  Drone  
  199  18:04  Baneling x20  
  200  18:09  Overseer  
  200  18:10  Zerg Melee Weapons Level 3  
  199  18:20  Baneling x5  
  141  18:51  Corruptor  
  141  18:52  Corruptor x14  
  169  18:58  Drone x5  
  174  19:04  Zergling x8  
  174  19:08  Drone x2  
  180  19:15  Spore Crawler  
  179  19:29  Zergling x18  
  188  19:32  Overseer  
  188  19:33  Overseer  
  188  19:39  Hatchery  
  142  20:07  Corruptor x9  
  154  20:14  Zergling x14  
  150  20:29  Zergling x20  
  140  20:51  Zergling x2  
  140  20:52  Zergling x14  
Tags
 
Add a new tag
Caveats
  • Supply blocks, unpowered buildings, or Contaminate may cause inaccurate times.
  • Supply counts are checked every 10 seconds.